 Dungeon Crawl Stone Soup version 0.26.0-16-gc1dbca0489 (webtiles) character file.

Game seed: 14287071859161490529

186 kaeus the Gusty (level 5, -3/45 HPs)
             Began as a Troll Air Elementalist on Jan 19, 2021.
             Was a Follower of Kikubaaqudgha.
             Killed from afar by an orc wizard (11 damage)
             ... with a magic dart
             ... on level 3 of the Dungeon.
             The game lasted 00:07:59 (3696 turns).

kaeus the Gusty (Troll Air Elementalist)            Turns: 3696, Time: 00:08:00

Health: -3/45      AC:  6    Str: 16    XL:     5   Next: 38%
Magic:  6/6        EV: 10    Int: 12    God:    Kikubaaqudgha [*.....]
Gold:   142        SH:  0    Dex: 10    Spells: 4/7 levels left

rFire    + . .     SeeInvis .   (no weapon)
rCold    . . .     Faith    .   (no shield)
rNeg     . . .     Spirit   .   a - +0 robe
rPois    .         Reflect  .   (helmet restricted)
rElec    .         Harm     .   (no cloak)
rCorr    .         Rampage  .   (gloves unavailable)
Will     .....                  (boots unavailable)
Stlth    +.........             (no amulet)
HPRegen  0.55/turn              j - ring of protection from cold
MPRegen  0.10/turn              k - ring of fire

@: no status effects
A: large, unfitting armour, claws 3, regeneration 1, shaggy fur 1, tough skin 3
a: Renounce Religion, Receive Corpses


You were on level 3 of the Dungeon.
You worshipped Kikubaaqudgha.
Kikubaaqudgha was aware of your devotion.
You visited 1 branch of the dungeon, and saw 4 of its levels.

You collected 142 gold pieces.

Inventory:

Armour
 a - a +0 robe (worn)
Jewellery
 j - a ring of protection from cold (left claw)
 k - a ring of fire (right claw)
Scrolls
 b - 2 scrolls of teleportation {unknown}
 c - a scroll of random uselessness {unknown}
 d - a scroll of identify
 e - a scroll of fear {unknown}
 h - a scroll of enchant weapon
 i - 2 scrolls of remove curse
 n - a scroll of immolation {unknown}
 o - 2 scrolls of noise {unknown}
 q - a scroll of fog {unknown}
Potions
 f - a potion of resistance {unknown}
 g - 2 potions of cancellation
 l - a potion of lignification {unknown}
 m - a potion of magic {unknown}
 p - a potion of curing {unknown}
 r - a potion of berserk rage {unknown}


   Skills:
 + Level 2.4 Dodging
 - Level 1.3 Stealth
 + Level 1.8 Spellcasting
 + Level 1.6 Conjurations
 * Level 1.6 Necromancy
 + Level 2.4 Air Magic


You had 4 spell levels left.
You knew the following spells:

 Your Spells              Type           Power        Failure   Level
a - Shock                 Conj/Air       24%          12%         1
b - Corpse Rot            Necr/Air       N/A          19%         2

Your spell library contained the following spells:

 Spells                   Type           Power        Failure   Level
 Magic Dart               Conj           20%          14%         1
 Pain                     Necr           20%          14%         1
 Swiftness                Air            7%           16%         2
 Searing Ray              Conj           10%          22%         2
 Sublimation of Blood     Necr           2%           22%         2
 Static Discharge         Conj/Air       6%           34%         3
 Vampiric Draining        Necr           2%           38%         3
 Dazzling Flash           Conj/Hex       6%           52%         3
 Airstrike                Air            3%           69%         4
 Fulminant Prism          Conj/Hex       1%           89%         4
 Iskenderun's Mystic Bla  Conj/Tloc      3%           89%         4
 Lightning Bolt           Conj/Air       3%           97%         5


Dungeon Overview and Level Annotations

Branches:
Dungeon (4/15)
 Temple: D:4-7

Altars:
Cheibriados
Kikubaaqudgha
The Shining One


Innate Abilities, Weirdness & Mutations

You are too large for most types of armour.
You have claws for hands.
Your natural rate of healing is unusually fast.
You are covered in fur. (AC +1)
You have extremely tough skin. (AC +3)


Message History

The orc priest mumbles some strange prayers to Beogh against you.
Pain shoots through your body!
* * * LOW HITPOINT WARNING * * *
The orc hits you but does no damage.
The orc wizard hits you with a +0 dagger.
* * * LOW HITPOINT WARNING * * *
The orc priest calls down the wrath of Beogh upon you.
Pain shoots through your body!
* * * LOW HITPOINT WARNING * * *
You climb upwards.
There is a stone staircase leading down here.
Casting: Shock (safe; 12% risk of failure)
Confirm with . or Enter, or press ? or * to list all spells.
There is nothing fresh enough to decay nearby.
This spell is extremely dangerous to cast!
Memorise Airstrike, consuming 4 spell levels and leaving 0?
The orc wizard gestures at you while chanting.
Your memorisation is interrupted.
The magic dart hits you!
You die...
Kikubaaqudgha rasps: "You have failed me!
Welcome... death!"

##### #...###### #...+....#
#########...####.#
#@o............... ########
#o###.####..#....#
#......########o................
#......'.....##.#.#.####.....###
#..(...#..##.##.#.#.#.....<..#
#......#.....##.#†#.##.##.#.##
#.............#.#.#.##.#....####
#.........(...#.#......#####....
#......#.##.#.#.###.#### ###.#


You could see an orc priest, an orc wizard and an orc.

Vanquished Creatures
  A hound (D:4)
  An orc wizard (D:4)
  Robin (D:3)
  3 adders (D:3)
  2 oozes
  A worm (D:3)
  2 dart slugs (D:1)
  5 leopard geckos
  3 orcs (D:4)
  11 bats
  2 giant cockroaches
  18 goblins
  7 hobgoblins
  A quokka (D:3)
  5 frilled lizards
  2 kobolds (D:1)
  4 rats
69 creatures vanquished.

Vanquished Creatures (others)
  3 gnolls (D:4)
  5 withered plants (D:2)
8 creatures vanquished.

Grand Total: 77 creatures vanquished

Notes
Turn   | Place    | Note
-------+----------+-------------------------------------------
     0 | D:1      | kaeus the Troll Air Elementalist began the quest for the
                  | Orb.
     0 | D:1      | Reached XP level 1. HP: 16/16 MP: 1/1
    96 | D:1      | Reached XP level 2. HP: 24/24 MP: 0/3
   331 | D:1      | Reached skill level 1 in Conjurations
   704 | D:1      | Reached XP level 3. HP: 31/31 MP: 0/4
  1413 | D:2      | Found an ancient bone altar of Kikubaaqudgha.
  1714 | D:2      | Became a worshipper of Kikubaaqudgha
  2121 | D:3      | Noticed Robin
  2138 | D:3      | Reached XP level 4. HP: 14/39 MP: 0/5
  2158 | D:3      | Killed Robin
  2649 | D:3      | Reached skill level 1 in Necromancy
  2756 | D:3      | Reached * piety under Kikubaaqudgha
  2756 | D:3      | Identified Kikubaaqudgha's Papyrus of Black Arts
                  | (Kikubaaqudgha gifted it to you on level 3 of the Dungeon)
  2756 | D:3      | Received a gift from Kikubaaqudgha
  2771 | D:3      | Learned a level 2 spell: Corpse Rot
  2997 | D:4      | Reached XP level 5. HP: 39/45 MP: 0/6
  3265 | D:4      | Found a glowing golden altar of the Shining One.
  3265 | D:4      | Found a snail-covered altar of Cheibriados.
  3696 | D:3      | Killed from afar by an orc wizard

Illustrated notes

Levels and vault maps discovered:
D:1:      dpeg_arrival_stonehenge_12_columns, layout_loops_ring
D:2:      layout_basic, kiku_gazebo_garden_becter
D:3:      layout_basic, uniq_robin
D:4:      kennysheep_the_goblin_king, layout_basic, lemuel_crystal_altar,
          gammafunk_temple_overflow_elements, serial_shops, shop_statue,
          lemuel_flame_loot_1

Skill      XL: |  1  2  3  4 |
---------------+-------------+-----
Conjurations   | 1 |  1.6
Dodging        | 2 |  2.4
Necromancy     | 1 |  1.6
Stealth        | |  1.3
Spellcasting   | |  1.8
Air Magic      | |  2.4

Action                   |  1- 3 |  4- 6 || total
-------------------------+-------+-------++-------
Melee: Unarmed           |    85 |   102 ||   187
 Cast: Shock             |    74 |    41 ||   115
  Use: Scroll            |     3 |       ||     3
Armor: Robe              |    28 |    31 ||    59
Dodge: Dodged            |    52 |    39 ||    91
